 Dungeon Crawl Stone Soup version 0.30.1-5-ged363bc7ee (webtiles) character file.

Game seed: 10952608491095441917

109 Ivernyr the Slasher (level 4, -3/24 HPs)
             Began as a Vine Stalker Monk on Sept 19, 2023.
             Slain by a gnoll
             ... wielding a +0 club
              (7 damage)
             ... on level 3 of the Dungeon.
             The game lasted 00:04:12 (1770 turns).

Ivernyr the Slasher (Vine Stalker Monk)             Turns: 1770, Time: 00:04:13

Health: -3/24      AC:  2    Str: 13    XL:     4   Next: 89%
Magic:  0/5        EV: 13    Int: 10    God:
Gold:   207        SH:  0    Dex: 19    Spells: 3/3 levels left

rFire   . . .        a - +7 short sword "Cautini" {heavy, rCorr}
rCold   . . .        d - orb {light}
rNeg    . . .        b - +0 robe
rPois   .            (no helmet)
rElec   .            (no cloak)
rCorr   +            (no gloves)
SInv    .            (no boots)
Will    .....        (no amulet)
Stlth   +            (no ring)
HPRegen 1.04/turn    (no ring)
MPRegen 0.09/turn

%: guardian spirit
@: glowing
A: fangs 2, regeneration 1, magic shield, antimagic bite, no potion heal 2
a: no special abilities


You were on level 3 of the Dungeon.
You visited 1 branch of the dungeon, and saw 3 of its levels.

You collected 207 gold pieces.

Inventory:

Hand Weapons
 a - the +7 short sword "Cautini" (weapon) {heavy, rCorr}
   (You found it on level 2 of the Dungeon)

   rCorr:     It protects you from acid and corrosion.
Armour
 b - a +0 robe (worn)
 d - an orb of light (worn)
Jewellery
 i - a ring of protection from fire
 p - a ring of positive energy
Scrolls
 j - a scroll of teleportation {unknown}
 k - 3 scrolls of identify {unknown}
 l - a scroll of brand weapon {unknown}
 n - a scroll of silence {unknown}
 o - a scroll of blinking {unknown}
Potions
 c - 2 potions of ambrosia
 e - 2 potions of invisibility {unknown}
 f - a potion of degeneration {unknown}
 g - a potion of flight {unknown}
 h - a potion of attraction {unknown}
 m - a potion of curing {unknown}


   Skills:
 + Level 3.2 Fighting
 * Level 3.7 Long Blades
 + Level 2.9 Dodging
 + Level 2.3 Stealth


You had 3 spell levels left.
You didn't know any spells.
Your spell library contained the following spells:

 Spells                   Type           Power      Damage    Failure   Level
 Freeze                   Ice            0%         1d3       36%         1
 Frozen Ramparts          Ice            0%         1d1       75%         3
 Hailstorm                Conj/Ice       0%         3d3       75%         3


Dungeon Overview and Level Annotations

Branches:
Dungeon (3/15)

Altars:
Ashenzari


Innate Abilities, Weirdness & Mutations

You have extremely sharp teeth.
Your natural rate of healing is unusually fast.
When hurt, damage is shared between your health and your magic reserves.
Your bite disrupts and absorbs the magic of your enemies.
Potions cannot restore your health.


Message History

3 gnolls come into view.
Found a puce potion and a scroll labelled ENIEBLYMAI.
The kobold throws a stone.
The stone hits you but does no damage.
A gnoll comes into view. It is wielding a +0 club.
The gnoll shouts! x2
The gnoll shouts!
You puncture the kobold!
You kill the kobold!
A worm comes into view.
Things that are here:
a +0 dagger; 5 stones; a kobold corpse You barely miss the gnoll.
The gnoll misses you.
You puncture the gnoll! You bite the gnoll. You drain its power.
The gnoll is almost dead.
The gnoll hits you with a +0 club. The gnoll barely misses you.
The gnoll closely misses you. The gnoll misses you.
The gnoll hits you with a +0 club. The gnoll barely misses you.
The gnoll hits you with a +0 halberd.
You hear the slow rusting of a very distant drain.
The gnoll misses you. The gnoll hits you with a +0 halberd!
The gnoll hits you with a +0 club.
* * * LOW HITPOINT WARNING * * *
The gnoll barely misses you. The gnoll closely misses you. x2
The gnoll attacks as you move away! The gnoll barely misses you.
The gnoll attacks as you move away! The gnoll misses you.
The gnoll attacks as you move away! The gnoll hits you with a +0 club!
* * * LOW HITPOINT WARNING * * *
You see here a puce potion.
The gnoll attacks as you move away! The gnoll hits you with a +0 club.
* * * LOW HITPOINT WARNING * * *
You open the door.
A goblin and a bat come into view.
The goblin shouts!
The gnoll hits you with a +0 club.
* * * LOW HITPOINT WARNING * * *
The bat barely misses you.
You puncture the bat!
You kill the bat!
The gnoll hits you with a +0 club!
You die...

#####... ###....... .
#......... ..
#####........? ...
#............# ....
#............# .....
#............#
......#####...w........#
.....g'@gggg.....).....#
......########.........#
..... #####..###### ....
+............ ###
#######.##### #..####
#######......
#....).......
#.........##.


You could see a worm, 4 gnolls and a goblin.

Vanquished Creatures
  Terence (D:2)
  2 adders (D:2)
  2 dart slugs
  4 ball pythons
  9 bats
  An endoplasm (D:1)
  7 giant cockroaches
  4 goblins
  3 hobgoblins (D:1)
  5 quokkas
  5 frilled lizards
  6 kobolds
  10 rats
59 creatures vanquished.

Notes
Turn   | Place    | Note
-------+----------+-------------------------------------------
     0 | D:1      | Ivernyr the Vine Stalker Monk began the quest for the Orb.
     0 | D:1      | Reached XP level 1. HP: 11/11 MP: 2/2
   129 | D:1      | Reached XP level 2. HP: 16/16 MP: 3/3
   523 | D:1      | Reached skill level 1 in Stealth
   690 | D:1      | Reached XP level 3. HP: 15/19 MP: 2/4
  1139 | D:2      | Identified the +7 short sword "Cautini" {heavy, rCorr}
  1234 | D:2      | Noticed Terence
  1242 | D:2      | Killed Terence
  1243 | D:2      | Gained mutation: Your natural rate of healing is unusually
                  | fast. [Vine Stalker growth]
  1243 | D:2      | Reached XP level 4. HP: 14/24 MP: 1/5
  1617 | D:3      | Found a broken altar of Ashenzari.
  1770 | D:3      | Slain by a gnoll

Illustrated notes

Levels and vault maps discovered:
D:1:      lightli_arrival_lavapool, layout_basic
D:2:      layout_rooms, minmay_fractal_squares_gapless_5, uniq_terence
D:3:      layout_basic, zin_treasury, mainiacjoe_overflow_alcove_2,
          gup_sewer_entry_glass

Skill      XL: |  1  2  3 |
---------------+----------+-----
Long Blades    | 3 |  3.7
Stealth        | 1 2 |  2.3
Fighting       | 3 |  3.2
Dodging        | |  2.9

Action                     |  1- 3 |  4- 6 || total
---------------------------+-------+-------++-------
  Melee: Falchion          |    62 |       ||    62
         Bite              |    22 |     6 ||    28
         Long sword        |    14 |       ||    14
         Short sword       |     8 |    30 ||    38
 Armour: Robe              |    17 |     3 ||    20
  Dodge: Dodged            |    63 |    41 ||   104
